Cogmind - Beta 14 @@@ ROGUE MODE // 2025.05.02 @ 14:21:27 Player: Quartz Result: Destroyed by G-47 Trooper with Particle Gun Performance ------------- Evolutions (2) 1000 Regions Visited (3) 600 Robots Destroyed (24) 120 Value Destroyed (517) 517 Prototype IDs (0) 0 Alien Tech Used (0) 0 Bonus (0) 0 TOTAL SCORE: 2237 Bonus ------- None Cogmind --------- Core Integrity 0/550 Matter 300/300 Energy 100/100 System Corruption 0% Temperature Cool (27) Movement Core (50) Location -8/Materials Parts ------- > --- POWER (2) -------- (None) > --- PROPULSION (3) --- (None) > --- UTILITY (3) ------ (None) > --- WEAPON (3) ------- (None) > --- INVENTORY (5) ---- Improved Treads Heat Sink Small Battery (100) Sensor Array Peak State ------------ > --- POWER ------------ Light Ion Engine > --- PROPULSION ------- Light Treads Light Treads > --- UTILITY ---------- Structural Scanner Light Armor Plating > --- WEAPON ----------- Medium Laser Heavy Assault Rifle Plasma Cutter > --- INVENTORY -------- Heat Sink Small Battery Large Matter Pod Sensor Array [Rating: 10] Favorites ----------- Power Light Ion Engine Engine Light Ion Engine Propulsion Light Treads Treads Light Treads Leg Aluminum Leg Utility Large Matter Pod Device Structural Scanner Storage Large Matter Pod Processor Visual Processing Unit Protection Light Armor Plating Weapon Medium Laser Energy Gun Medium Laser Ballistic Gun Light Assault Rifle Special Weapon Plasma Cutter Build | -11 -10 -9 -8 ------- Run | Yrd Mat Mat Mat Slots Evolved 4 | . . 2 2 Power 1 | . . 1 . Propulsion 1 | . . . 1 Utility 1 | . . . 1 Weapon 1 | . . 1 . Parts Attached 32 | 9 9 14 . Power 3 | 1 . 2 . Engine 3 | 1 . 2 . Core . | . . . . Reactor . | . . . . Propulsion 5 | 2 . 3 . Treads 3 | . . 3 . Leg 2 | 2 . . . Wheel . | . . . . Hover . | . . . . Flight . | . . . . Utility 13 | 3 5 5 . Device 6 | 2 3 1 . Storage 3 | 1 1 1 . Processor 1 | . 1 . . Hackware . | . . . . Protection 3 | . . 3 . Artifact . | . . . . Weapon 11 | 3 4 4 . Energy Gun 6 | 2 3 1 . Energy Cannon . | . . . . Ballistic Gun 3 | 1 . 2 . Ballistic Cannon . | . . . . Launcher . | . . . . Special Weapon 2 | . 1 1 . Impact Weapon . | . . . . Slashing Weapon . | . . . . Piercing Weapon . | . . . . Special Melee Weapon . | . . . . Unidentified Prototypes . | . . . . Parts Lost 17 | . 2 11 4 Power 3 | . . 2 1 Propulsion 3 | . . 2 1 Utility 4 | . . 3 1 Weapon 7 | . 2 4 1 Highest Loss Streak 4 | . 2 4 4 To Critical Strikes . | . . . . Average Slot Usage (%) 72 | . 98 72 27 Engine 12 | . 14 12 7 Treads 11 | . . 17 6 Leg 8 | . 28 2 . Device 6 | . 14 5 . Storage 5 | . 9 3 6 Processor 2 | . 4 2 . Protection 4 | . . 7 . Energy Gun 9 | . 14 10 . Ballistic Gun 6 | . 7 6 6 Special Weapon 3 | . 5 2 . Peak Build Rating 10 | 9 9 10 4 Average Rating 6 | 5 7 7 3 On Entrance 5 | . 9 7 4 Naked Turns 28 | . . . 28 Heaviest Build 18 | 9 11 18 7 Greatest Support 40 | 20 20 40 20 Greatest Overweight (x) . | . . . . Average Overweight (x) . | . . . . Largest Inventory Capacity 5 | 5 5 5 5 Average Capacity 5 | 5 5 5 5 Most Carried 5 | 4 5 5 4 Average Carried 3 | 1 4 4 3 Final Capacity 5 | 5 5 5 5 Final Carried 4 | 4 4 3 4 Class Distribution -------------------- 61% | Mutant 27% | Scavenger-Mutant 10% | Scavenger-Tank Dominant Class ---------------- Mutant | -10/Materials Scavenger-Mutant | -9/Materials Mutant | -8/Materials Resources | -11 -10 -9 -8 ----------- Run | Yrd Mat Mat Mat Matter Collected 635 | 351 58 226 . Remotely . | . . . . Salvage Created 737 | 92 88 557 . Parts 69 | 12 12 45 . Haulers Intercepted . | . . . . Recyclers Shooed 1 | . . 1 . Parts Field Recycled . | . . . . Retrieved Matter . | . . . . Parts Self-Destructed . | . . . . Prevented . | . . . . Kills | -11 -10 -9 -8 ------- Run | Yrd Mat Mat Mat Combat Hostiles Destroyed 14 | 1 2 11 . Guns 13 | 1 2 10 . Cannons 1 | . . 1 . Classes Destroyed 8 | 3 2 3 . Worker 1 | 1 . . . Builder 1 | . . 1 . Tunneler 3 | 3 . . . Recycler 1 | . . 1 . Watcher 4 | . 2 2 . Swarmer 5 | . 2 3 . Grunt 5 | 1 . 4 . Sentry 4 | . . 4 . Best Kill Streak 4 | 2 1 4 . Combat Bots Only 4 | 1 1 4 . Max Kills in Single Turn 1 | 1 1 1 . Gunslinging . | . . . . Exploded . | . . . . Melee . | . . . . Uniques/NPCs Destroyed . | . . . . Combat | -11 -10 -9 -8 -------- Run | Yrd Mat Mat Mat Hostile Shots Fired 210 | 1 32 107 70 Missed 66 | . 11 29 26 Damage Taken 1988 | 10 217 1062 699 Core 793 | 10 54 177 552 Absorbed by Shields . | . . . . Core Remaining (%) 75 | 96 74 55 . Volleys Fired 77 | 15 22 40 . Largest 3 | 2 2 3 . Hottest 140 | 70 140 93 . Shots Fired 128 | 28 30 70 . Gun 117 | 28 24 65 . Cannon . | . . . . Launcher . | . . . . Special 11 | . 6 5 . Kinetic 46 | 13 5 28 . Thermal 70 | 13 15 42 . Explosive . | . . . . Electromagnetic 12 | 2 10 . . Robot Hit Streak 13 | 8 3 13 . Robot Miss Streak 9 | 2 9 2 . Penetration Max . | . . . . Secondary Targets . | . . . . Shots Hit Robots 74 | 17 7 50 . Core Hits 38 | 8 5 25 . Critical Kills . | . . . . Critical Parts Destroyed 1 | 1 . . . Critical Strikes 2 | 1 . 1 . Burn 1 | . . 1 . Destroy 1 | 1 . . . Melee Attacks . | . . . . Impact . | . . . . Slashing . | . . . . Piercing . | . . . . Sneak Attacks . | . . . . Combat Hostiles . | . . . . Follow-up Attacks . | . . . . Damage Inflicted 888 | 173 96 619 . Guns 844 | 173 96 575 . Cannons . | . . . . Explosions . | . . . . Melee . | . . . . Ramming . | . . . . Kinetic 313 | 63 7 243 . Thermal 499 | 98 25 376 . Explosive . | . . . . Electromagnetic 76 | 12 64 . . Impact . | . . . . Slashing . | . . . . Piercing . | . . . . Highest Corruption . | . . . . Average Corruption . | . . . . Corruption Purged . | . . . . Corruption Blocked . | . . . . Overload Shots . | . . . . Overflow Damage . | . . . . Projectiles . | . . . . Explosions . | . . . . Melee . | . . . . Knockbacks . | . . . . Impact . | . . . . Kinetic . | . . . . Secondary . | . . . . Self-Inflicted Damage . | . . . . Shots . | . . . . Rammed 1 | . . 1 . Targets Rammed 1 | . . 1 . Kicked . | . . . . Crushed . | . . . . Highest Temperature 197 | 60 197 156 1 Average Temperature 53 | 23 93 42 1 Received Heat Transfer 852 | 6 33 381 432 Siege Activations . | . . . . Robots Corrupted . | . . . . Combat Hostiles . | . . . . Parts Fried . | . . . . Impact Corruptions . | . . . . Robots Melted . | . . . . Combat Hostiles . | . . . . Parts Melted 7 | . 1 6 . Heat Transferred 1531 | 296 74 1161 . Parts Sabotaged . | . . . . Parts Stolen . | . . . . Parts Stripped . | . . . . Power Chain Reactions . | . . . . Alert | -11 -10 -9 -8 ------- Run | Yrd Mat Mat Mat Peak Influence 300 | 41 225 300 97 Initial 97 | . 26 94 97 Average 123 | 19 86 179 87 Maximum Alert Level 1 | . 1 1 . Low Security (%) 80 | 100 99 61 100 Level 1 19 | . . 38 . Level 2 . | . . . . Level 3 . | . . . . Level 4 . | . . . . Level 5 . | . . . . High Security . | . . . . Max Security . | . . . . Squads Dispatched 3 | . . 2 1 Investigation 1 | . . . 1 Extermination . | . . . . Reinforcement 2 | . . 2 . Assault . | . . . . Garrison . | . . . . Intercept . | . . . . Searches Triggered . | . . . . Construction Impeded . | . . . . Haulers Reinforced . | . . . . Active Scanning Responses . | . . . . Cargo Convoy Interrupts . | . . . . Stealth | -11 -10 -9 -8 --------- Run | Yrd Mat Mat Mat Distress Signals . | . . . . Communications Jammed . | . . . . Distress Signals . | . . . . Times Spotted 33 | 1 10 19 3 Peak Tracking Total 7 | 1 5 7 3 Tactical Retreats 5 | . 3 2 . Traps | -11 -10 -9 -8 ------- Run | Yrd Mat Mat Mat Traps Triggered 2 | . 1 1 . Indirectly . | . . . . Trap Hack Attempts . | . . . . Triggered . | . . . . Disarmed . | . . . . Reprogrammed . | . . . . Reused . | . . . . Traps Extracted . | . . . . Installed . | . . . . Triggered . | . . . . Machines | -11 -10 -9 -8 ---------- Run | Yrd Mat Mat Mat Machines Disabled 2 | . . 2 . Max in Single Turn 1 | . . 1 . Machines Repaired . | . . . . Machines Dismantled 2 | . . 2 . Machines Sabotaged . | . . . . Overloaded Fab Kills . | . . . . Hacking | -11 -10 -9 -8 --------- Run | Yrd Mat Mat Mat Machines Accessed 5 | . 2 2 1 Terminals 2 | . 1 1 . Fabricators . | . . . . Repair Stations . | . . . . Recycling Units 2 | . 1 . 1 Scanalyzers 1 | . . 1 . Garrison Access . | . . . . Total Hacks 16 | . 6 6 4 Successful 10 | . 4 5 1 Failed 6 | . 2 1 3 Catastrophic . | . . . . Database Lockouts . | . . . . Manual . | . . . . Terminals 7 | . 3 4 . Fabricators . | . . . . Repair Stations . | . . . . Recycling Units 7 | . 3 . 4 Scanalyzers 2 | . . 2 . Garrison Access . | . . . . Terminal Hacks 4 | . 1 3 . Record 4 | . 1 3 . Fabricator Hacks . | . . . . Repair Station Hacks . | . . . . Recycling Unit Hacks 4 | . 3 . 1 Recycle Component 1 | . 1 . . Process 2 | . 2 . . Report Inventory 1 | . . . 1 Scanalyzer 2 | . . 2 . Insert Component 1 | . . 1 . Analyze 1 | . . 1 . Garrison Access Hacks . | . . . . Unauthorized Hacks . | . . . . Terminals . | . . . . Fabricators . | . . . . Repair Stations . | . . . . Recycling Units . | . . . . Scanalyzers . | . . . . Garrison Access . | . . . . Data Cores Recovered . | . . . . Used . | . . . . Hacking Detections 3 | . 1 1 1 Full Trace Events 1 | . . . 1 Feedback Events . | . . . . Feedback Blocked . | . . . . Robot Schematics Acquired . | . . . . Robots Built . | . . . . Authchips . | . . . . Time . | . . . . Total Robot Build Rating . | . . . . Part Schematics Acquired 1 | . . 1 . Parts Built . | . . . . Authchips . | . . . . Time . | . . . . Total Part Build Rating . | . . . . Parts Repaired . | . . . . Time . | . . . . Parts Recycled 1 | . 1 . . Recycled Matter 17 | . 17 . . Retrieved Matter . | . . . . Retrieved Components . | . . . . Parts Scanalyzed 1 | . . 1 . Part Schematics Acquired 1 | . . 1 . Parts Damaged . | . . . . Bothacking | -11 -10 -9 -8 ------------ Run | Yrd Mat Mat Mat Used RIF Installer . | . . . . Robots Hacked . | . . . . Non-combat . | . . . . Combat . | . . . . Robot Hacks Applied . | . . . . Relay Couplers Released . | . . . . Fabnet Peak Effective % . | . . . . Robots Rewired . | . . . . Allies Hacked . | . . . . Hacks Repelled . | . . . . Allies | -11 -10 -9 -8 -------- Run | Yrd Mat Mat Mat Total Allies . | . . . . Largest Group . | . . . . Highest-Rated Group . | . . . . Highest-Rated Ally . | . . . . Total Orders . | . . . . Ally Attacks . | . . . . Total Damage . | . . . . Kills . | . . . . Allies Corrupted . | . . . . Allies Melted . | . . . . Intel | -11 -10 -9 -8 ------- Run | Yrd Mat Mat Mat Robot Analysis Total . | . . . . Derelict Logs Recovered . | . . . . Drone Launches . | . . . . Drone Recoveries . | . . . . Exploration | -11 -10 -9 -8 ------------- Run | Yrd Mat Mat Mat Turns Passed 1212 | 184 260 614 154 Spaces Moved 545 | 112 139 280 14 Core 16 | 16 . . . Treads 238 | . . 224 14 Legs 291 | 96 139 56 . Wheels . | . . . . Hover . | . . . . Flight . | . . . . Fastest Speed 50 | 50 120 120 160 Average Speed 135 | 110 120 152 160 Slowest Speed 160 | 120 120 160 160 Overloaded Moves . | . . . . Propulsion Burnouts . | . . . . Robots Hopped . | . . . . Cave-ins Triggered . | . . . . Exploration Rate (%) 16 | 9 26 27 3 Regions Visited 3 Branch Regions . Pre-discovered Areas . | . . . . Known Exits Taken . | . . . . Unknown Exits Taken 3 | 1 1 1 . Scrap Searched . | . . . . Spaces Dug . | . . . . Terrain Destroyed 3 | . 3 . . Melee . | . . . . Projectile 3 | . 3 . . AOE . | . . . . Terrain Rammed . | . . . . Walls Destroyed . | . . . . Machines Disabled . | . . . . Actions | -11 -10 -9 -8 --------- Run | Yrd Mat Mat Mat Total 847 | 146 189 367 145 Wait 142 | . 8 4 130 Move 542 | 111 138 279 14 Hop . | . . . . Pick Up 28 | 11 7 9 1 Fast Attach 2 | . . 2 . Attach 17 | 7 1 9 . Detach . | . . . . Swap 13 | 2 8 3 . Drop 10 | . 5 5 . Fire 77 | 15 22 40 . Melee . | . . . . Ram . | . . . . Kick . | . . . . Crush 1 | . . 1 . Escape Stasis . | . . . . Rewire . | . . . . Trap . | . . . . Miscellaneous 15 | . . 15 . Route ------- -11/Scrapyard -10/Materials (discovered 2 exits: *Mat / [*Min]) -9/Materials -8/Materials History --------- Turn | Location | Event 2 | -11/Scrapyard | Met Revision 17 76 | -11/Scrapyard | Discovered new exit (range 8) 185 | -11/Scrapyard | Entered Materials 308 | -10/Materials | Build established: Mutant 369 | -10/Materials | Discovered new exit (range 9) 371 | -10/Materials | Discovered new exit (range 15) 445 | -10/Materials | Entered another Materials area 445 | -9/Materials | Evolved 2 slots: Power x1, Weapon x1 873 | -9/Materials | Lost 4 parts (1p2u1w) 989 | -9/Materials | Discovered new exit (range 16) 1058 | -9/Materials | Lost 4 parts (1p1u2w) 1059 | -9/Materials | Entered another Materials area 1059 | -8/Materials | Evolved 2 slots: Propulsion x1, Utility x1 1196 | -8/Materials | Core integrity fell below 50% 1205 | -8/Materials | Core integrity fell below 20% 1213 | -8/Materials | Destroyed by G-47 Trooper with Particle Gun Last Messages --------------- too dangerous to backtrack without being caught. 01075_ Acquired Imp. Treads. 01083_ Connecting with Recycling Unit... 01083_ Current location identified: Materials >>Recycling(Report) Matter reserves: 0 Inventory: Pulse Rifle (52%) Lgt. Deuterium Engine (38%) Arm. Treads (74%) 01083_ ALERT: Suspicious activity at Recycling Unit M001. Dispatching Investigation squad. 01169_ Critical hit (Burn: +37). 01170_ Lgt. Assault Rifle destroyed. 01171_ Processing Tank disabled. 01175_ Lgt. Treads destroyed. 01179_ Lrg. Matter Pod destroyed. 01185_ Lgt. Ion Engine destroyed. 01213_ Critical hit (Burn: +37). Map ----- +----------------------------------------------------+ | | | | | | | | | | | | | | | | | ?????????????????????????????? | | ?????????????????????????????? | | ?????????????????????????????? | | ?????????????????????????????? | | ?????????????????????????????? | | ?????????????????????????????? | | ?????????????????????????????? | | ?????????????????????????????? | | ?????????????????????????????? | | ?????????????????????????????? | | ?????????????????????????????? | | ??????????????#####??????????? | | ??????????????# ###########? | | ??????????????# # ! #? | | ??????????????# # #? | | ??????????????# # "" g #? | | ??????????????# # """ #? | | ??????????????# + """ @""#? | | ??????????????# # """ Y"#? | | ??????????????# # """g ""#? | | ??????????????# # g #? | | ??????????????# ###########? | | ??????????????# #??????????? | | ??????????????# #??????????? | | ??????????????# #??????????? | | ??????????????# #??????????? | | ??????????????##+##??????????? | | ?????????????????????????????? | | ?????????????????????????????? | | ?????????????????????????????? | | ?????????????????????????????? | | ?????????????????????????????? | | ?????????????????????????????? | | ?????????????????????????????? | | ?????????????????????????????? | | ?????????????????????????????? | | ?????????????????????????????? | | ?????????????????????????????? | | ?????????????????????????????? | | ?????????????????????????????? | | ?????????????????????????????? | | ?????????????????????????????? | +----------------------------------------------------+ Best States ------------- Heat Dissipation 35 Energy Generation 15 Energy Capacity 150 Matter Stores 450 Matter Capacity 450 Sight Range 18 Robot Scan Range 14 Terrain Scan Range 16 Terrain Scan Density 10 Armor Coverage 150 Evasion (%) 55 Recoil Reduction 2 Item Schematics ----------------- Signal Interpreter | -9/Materials | Scanalyzed Robot Schematics ------------------ None Fabricated ------------ Nothing Alien Tech Used ----------------- None Achievements -------------- Storm Trooper Uninvited Guest Challenges ------------ None Game ------ Seed AssemblyMetaField Manual? 0 Play Time 00:24:15 Cumulative 0.6 hours Start 2025.05.02 @ 13:58:05 End 2025.05.02 @ 14:21:27 Sessions 1 Manual Loads 0 Difficulty Rogue Special Mode None Game No. 2 Rogue 2 Adventurer 0 Explorer 0 Win Type - Total 0 Types 0/0/0/0/0/0/0/0/0 Lore% 0 Gallery% 2 Achievement% 1 Wizard Run 0 Options --------- Layout 1 ASCII 0 Keyboard 0 Movement Mouse Keybinds 0 Fullscreen 1 Font 24/Smallcaps Map View 50x35 Zoom Use 0% Tactical HUD 1 Map Filters NONE Filters NONE Steam 1 RUN: bddf5f5a-d184-48dc-9013-8c518ae67c26